 Dungeon Crawl Stone Soup version 0.31-a0-690-g7ce4588941 (webtiles) character file.

Game seed: 9312641726092093501

7298 Gargoyl the Cleaver (level 11, -1/103 HPs)
             Began as a Gargoyle Berserker on Sept 6, 2023.
             Was a Priest of Trog.
             Killed by divine providence
             ... invoked by an orc priest
             ... summoned by an orange crystal statue
              (13 damage)
             ... on level 9 of the Dungeon.
             The game lasted 00:12:37 (9247 turns).

Gargoyl the Cleaver (Gargoyle Berserker)            Turns: 9247, Time: 00:12:37

Health: -1/103     AC: 25    Str: 21      XL:     11   Next: 13%
Magic:  6/11       EV:  2    Int:  2 (8)  God:    Trog [***...]
Gold:   500        SH:  4    Dex: 13      Spells: 10/10 levels left

rFire   + . .        z - +8 Vampire's Tooth {megavamp}
rCold   . . .        i - +0 buckler
rNeg    + . .        E - melded +0 crystal plate armour "Laguleq" {Will+ Dex-3 Slay+2}
rPois   ∞            (helmet currently unavailable)
rElec   .            (cloak currently unavailable)
rCorr   .            s - melded +1 pair of gloves "Learauc" {rPois rF+ Will+}
SInv    .            n - melded +2 pair of boots
Will    .....        g - amulet of the acrobat
Stlth   ++           c - +5 ring of evasion
HPRegen 0.37/turn    j - ring of protection from fire
MPRegen 0.12/turn

%: acrobat
@: tree-form, hasted, very quick
A: stationary, stasis, torment immunity, boosted hp, sickness immunity, AC +8,
negative energy resistance 1, (electricity resistance), torment resistance 1,
petrification resistance
a: Renounce Religion, Berserk, Trog's Hand


You were on level 9 of the Dungeon.
You worshipped Trog.
Trog was most pleased with you.
You were a tree.
You visited 1 branch of the dungeon, and saw 9 of its levels.
You also visited: Bailey.

You collected 659 gold pieces.
You spent 159 gold pieces at shops.

Inventory:

Hand Weapons
 a - a +1 hand axe
 f - a +1 war axe
 k - a +3 scimitar of flaming
 z - the +8 Vampire's Tooth (weapon) {megavamp}
   (You found it on level 8 of the Dungeon)
Missiles
 A - a throwing net
 D - 5 poisoned darts (quivered)
Armour
 i - a +0 buckler (worn)
 n - a +2 pair of boots (melded)
 q - a +0 scale mail
 s - the +1 pair of gloves "Learauc" (melded) {rPois rF+ Will+}
   (You found it in a bailey)

   rF+:       It protects you from fire.
   rPois:     It protects you from poison Will+: It increases your willpower.
 E - the +0 crystal plate armour "Laguleq" (melded) {Will+ Dex-3 Slay+2}
   (You found it in a bailey)

   Dex-3:     It affects your dexterity (-3).
   Slay+2:    It affects your accuracy & damage with ranged weapons and melee
   (+2).
   Will+:     It increases your willpower.
Jewellery
 c - a +5 ring of evasion (left branch)
 g - an amulet of the acrobat (around neck)
 j - a ring of protection from fire (right branch)
 B - a ring of protection from fire
 F - an amulet of magic regeneration
Wands
 l - a wand of paralysis (19)
 o - a wand of mindburst (7)
 C - a wand of roots (10)
Scrolls
 m - 4 scrolls of identify
 p - 3 scrolls of poison
 t - a scroll of vulnerability
 v - 3 scrolls of teleportation
 y - a scroll of silence
Potions
 b - a potion of brilliance {unknown}
 d - a potion of lignification
 e - a potion of might {unknown}
 h - a potion of curing
 r - a potion of invisibility {unknown}
 u - a potion of haste
 w - a potion of attraction {unknown}
 x - a potion of heal wounds {unknown}


   Skills:
 + Level 8.5 Fighting
 + Level 5.0 Short Blades
 + Level 10.1 Axes
 + Level 7.9 Armour
 + Level 4.5 Dodging
 + Level 2.3 Stealth
 + Level 3.3 Shields


You had 10 spell levels left.
You didn't know any spells.
Your spell library was empty.

Dungeon Overview and Level Annotations

Branches:
Dungeon (9/15)             Temple (0/1) D:6            Lair (0/5) D:8
 Bailey (visited)
    Orc: D:9-12

Altars:
Ashenzari
Fedhas
Makhleb
Nemelex Xobeh
Okawaru
Uskayaw
Wu Jian
Xom

Shops:
D:7 *

Annotations:
D:5 3 runed translucent doors, Liannyka's ghost, amateur TrFi
D:9 3 runed translucent doors, exclusion: orange crystal statue, Nr616's ghost, journeyman MfGl


Innate Abilities, Weirdness & Mutations

You are a tree.
Your roots penetrate the ground, keeping you stationary.
You cannot be teleported.
You are immune to unholy pain and torment.
Your maximum health is greatly increased.
Your equipment is partially melded.
You are immune to sickness and miasma.
((Your stone body is resilient. (AC +8)))
You are immune to poison.
You resist negative energy. (rN+)
((You are resistant to electric shocks. (rElec)))
You are resistant to unholy torment.
You are immune to petrification.


Message History

The orange crystal statue glitters.
You resist with almost no effort. The gnoll hits you but does no damage.
The wight hits you with a +2 battleaxe! The wight hits you but does no damage.
The orc priest invokes the aid of Beogh against you.
Beogh smites you!
* * * LOW HITPOINT WARNING * * *
Okay, then.
It was a potion of curing.
You feel better. The wight hits you but does no damage.
The gnoll hits you but does no damage. The wight misses you.
The wight hits you but does no damage.
The orc priest mumbles some strange prayers to Beogh against you.
Beogh smites you!
* * * LOW HITPOINT WARNING * * *
Unknown command.
It was a potion of haste.
You feel yourself speed up. The gnoll hits you but does no damage.
The wight misses you. The wight hits you with a +4 hand axe.
* * * LOW HITPOINT WARNING * * *
The orc priest barely misses you.
Unknown command.
It was a potion of lignification.
You turn into a tree.
The +1 pair of gloves "Learauc" {rPois rF+ Will+} melds into your body.
Your +2 pair of boots melds into your body.
The +0 crystal plate armour "Laguleq" {Will+ Dex-3 Slay+2} melds into your body.
Your roots penetrate the ground.
The orange crystal statue glitters topaz in the dim dungeon light.
The orange crystal statue fixes its piercing gaze on you.
Something tries to feed on your intellect!
The gnoll hits you but does no damage.
You feel better. You block the wight's attack. x2
You block the orc priest's attack.
The orange crystal statue glitters.
You are confused.
You feel better. The gnoll hits you but does no damage.
The wight hits you but does no damage. x2
The wight hits you with a +2 battleaxe!
* * * LOW HITPOINT WARNING * * *
The orc priest calls down the wrath of Beogh upon you.
Beogh smites you!
You die...

....#......### ....###.####......
..#######..# .#'#...#..##.......
### ##.## ###.###o##.#..#..... ##
#..# .#.....#..#...##..... .#
#.##.##..!..##.##..###..## .##
#.+..'..g8g.[)D.'..# #..## ..##
#.##.##zzzgg##H##..# #..##
#..#####..#..#zzzzz#..#..## ##...
#..##..##.##.###♣###.##..# #.#.
#......##..#...#o#...#...# ##...
..###..##..###.....###...####....
.#####.#.....###.###.............
.###.....###.[[#'#...............
........######[..........##......
..............[<....##...#...##..
........##........#####.....####.
..###..#####.##[.## ##....## ##


You could see an orange crystal statue, a gnoll bouda (summoned), 8 wights, an
orc priest (summoned) and 3 gnolls.

Vanquished Creatures
  Erica (D:9)
  Pikel (D:6)
  Joseph (D:7)
  Maggie (D:7)
  Psyche (D:9)
  A komodo dragon (D:9)
  Sigmund (D:2)
  2 humans (D:8)
  A steam dragon (D:9)
  A wyvern (D:8)
  Edmund (D:4)
  2 acid dragons (D:9)
  3 water moccasins
  8 orc warriors
  3 black bears
  3 sky beasts
  2 ogres
  A phantom (D:4)
  4 centaurs
  A kobold brigand (D:7)
  2 bullfrogs
  2 scorpions (D:5)
  5 wights (D:9)
  5 killer bees (D:8)
  5 orc priests
  2 gnoll boudas
  3 hounds
  4 jellies
  4 sleepcaps
  5 iguanas
  6 orc wizards
  20 gnolls
  4 adders
  2 shadow imps
  2 white imps
  2 dart slugs
  28 orcs
  5 ball pythons
  6 endoplasms
  5 giant cockroaches
  9 goblins
  2 hobgoblins (D:1)
  8 kobolds
  5 quokkas
  5 bats
  14 frilled lizards
  2 rats
201 creatures vanquished.

Vanquished Creatures (others)
  A wight (D:9)
  A kobold (D:7)
2 creatures vanquished.

Grand Total: 203 creatures vanquished

Notes
Turn   | Place    | Note
-------+----------+-------------------------------------------
     0 | D:1      | Gargoyl the Gargoyle Berserker began the quest for the Orb.
     0 | D:1      | Reached XP level 1. HP: 14/14 MP: 1/1
    77 | D:1      | Reached XP level 2. HP: 19/19 MP: 2/2
   130 | D:1      | Reached skill level 3 in Axes
   376 | D:1      | Reached XP level 3. HP: 23/24 MP: 3/3
   715 | D:2      | Noticed Sigmund
   722 | D:2      | Killed Sigmund
   723 | D:2      | Reached skill level 4 in Axes
   723 | D:2      | Reached XP level 4. HP: 30/30 MP: 4/4
   723 | D:2      | Reached XP level 5. HP: 34/34 MP: 5/5
   752 | D:2      | Reached ** piety under Trog
  1871 | D:3      | Found a broken altar of Ashenzari.
  1922 | D:3      | Reached XP level 6. HP: 40/40 MP: 6/6
  2078 | D:4      | Noticed a black bear
  2088 | D:4      | Killed a black bear
  2089 | D:4      | Reached skill level 5 in Fighting
  2365 | D:5      | Entered Level 5 of the Dungeon
  2365 | D:5      | Found a runed translucent gate.
  2365 | D:5      | Found a runed translucent gate.
  2365 | D:5      | Found a runed translucent gate.
  2396 | D:4      | Reached skill level 5 in Axes
  2396 | D:4      | Reached skill level 1 in Stealth
  2500 | D:4      | Reached XP level 7. HP: 27/44 MP: 7/7
  2616 | D:4      | Noticed Edmund
  2627 | D:4      | Killed Edmund
  2826 | D:4      | Reached skill level 6 in Axes
  3517 | D:5      | Found a sparkling altar of Nemelex Xobeh.
  3615 | D:5      | Reached XP level 8. HP: 48/51 MP: 8/8
  3888 | D:5      | Identified the +1 leather armour of Elyvilon's Generosity
                  | {Contam rN+ MP+9}
  4022 | D:5      | Found a burning altar of Makhleb.
  4241 | D:5      | Reached skill level 7 in Axes
  4553 | D:5      | Noticed Liannyka's ghost (amateur TrFi)
  4766 | D:6      | Noticed Pikel
  4802 | D:6      | Killed Pikel
  4803 | D:6      | Reached skill level 5 in Armour
  4803 | D:6      | Reached skill level 1 in Shields
  4803 | D:6      | Reached XP level 9. HP: 43/56 MP: 9/9
  5092 | D:6      | Reached skill level 8 in Axes
  5227 | D:6      | Found a staircase to the Ecumenical Temple.
  5481 | D:7      | Found Larchaseo's Assorted Antiques.
  5484 | D:7      | Bought a scroll labelled ETAILAL IPOIL for 29 gold pieces
  5488 | D:7      | Bought a pair of gloves for 130 gold pieces
  5523 | D:7      | Noticed Maggie
  5548 | D:7      | Killed Maggie
  5675 | D:7      | Found a hide-covered altar of Uskayaw.
  5813 | D:7      | Reached skill level 9 in Axes
  5904 | D:7      | Noticed Joseph
  5925 | D:7      | Killed Joseph
  5926 | D:7      | Reached XP level 10. HP: 61/63 MP: 10/10
  6203 | D:7      | Found an ornate altar of the Wu Jian Council.
  6363 | D:8      | Found the +8 Vampire's Tooth {megavamp}
  6465 | D:8      | Reached skill level 10 in Axes
  6563 | D:8      | Found an iron altar of Okawaru.
  6581 | D:8      | Reached skill level 1 in Short Blades
  6640 | D:8      | Found a blossoming altar of Fedhas.
  6687 | D:8      | Found a staircase to the Lair.
  7177 | D:9      | Reached *** piety under Trog
  7216 | D:9      | Found a flagged portal.
  7242 | Bailey   | Entered a bailey
  7416 | Bailey   | Identified the +1 pair of gloves "Learauc" {rPois rF+
                  | Will+}
  7419 | Bailey   | Identified the +0 crystal plate armour "Laguleq" {Will+
                  | Dex-3 Slay+2}
  7639 | D:9      | Found a runed translucent door.
  7655 | D:9      | Found a runed translucent door.
  7742 | D:9      | Found a runed translucent door.
  8150 | D:9      | Noticed Erica
  8158 | D:9      | Killed Erica
  8159 | D:9      | Reached XP level 11. HP: 69/69 MP: 11/11
  8275 | D:9      | Noticed Psyche
  8283 | D:9      | Killed Psyche
  8284 | D:9      | Reached skill level 5 in Short Blades
  8384 | D:9      | Found a runed translucent door.
  8384 | D:9      | Found a shimmering altar of Xom.
  8384 | D:9      | Noticed Nr616's ghost (journeyman MfGl)
  8385 | D:9      | Noticed a +0 halberd of chaos
  8579 | D:9      | Found a runed translucent door.
  8842 | D:9      | Noticed an orange crystal statue
  9123 | D:9      | Noticed a manticore
  9247 | D:9      | Killed from afar by an orc priest

Illustrated notes

Levels and vault maps discovered:
D:1:      matt_arrival_los_fun, layout_rooms, minmay_pentomino_z2
D:2:      layout_basic, uniq_sigmund
D:3:      layout_loops_ring, mainiacjoe_overflow_catwalk, bh_walls_and_bars
D:4:      layout_basic, minmay_lizard_king, uniq_edmund
D:5:      layout_basic, bloody_makhleb, nemelex_xobeh_ov_fountains_minmay,
          gammafunk_ghost_icy, serial_bayou, serial_bayou_shore_b,
          serial_bayou_lake_a, serial_bayou_lagoon_a, serial_bayou_ford_a
D:6:      layout_rooms, lemuel_temple_firewalk_a, uniq_pikel
D:7:      layout_basic, mainiacjoe_overflow_alcove_2, kennysheep_mini_moat,
          serial_shops, nicolae_shop_tiny_real_fake_doors, uniq_joseph,
          uniq_maggie
D:8:      layout_loops_ring, fedhas_altar_2, okawaru_humans, lair_entry_dummy
D:9:      layout_layer_cave, enter_bailey_5, ebering_ghost_xom,
          minmay_statue_crystal_thing, uniq_psyche, uniq_erica

Skill      XL: |  1  2  3  4  5  6  7  8  9 10 11 |
---------------+----------------------------------+-----
Axes           | 3 4 5 6 7 9 10 | 10.1
Fighting       | 4 5 6 7 8 |  8.5
Dodging        | 2 3 4 |  4.5
Stealth        | 1 2 |  2.3
Armour         | 3 5 6 7 |  7.9
Shields        | 1 2 3 |  3.3
Short Blades   | 4 5 |  5.0

Action                     |  1- 3 |  4- 6 |  7- 9 | 10-12 || total
---------------------------+-------+-------+-------+-------++-------
  Melee: Hand axe          |    64 |    74 |   239 |       ||   377
         Punch             |     1 |     2 |     4 |       ||     7
         War axe           |       |       |   100 |    29 ||   129
         Quick blade       |       |       |       |   641 ||   641
  Throw: Dart              |       |       |     1 |       ||     1
 Invoke: Berserk           |     1 |     2 |     9 |     3 ||    15
         Trog's Hand       |       |     2 |     8 |     1 ||    11
    Use: Scroll            |     4 |       |     8 |       ||    12
         Potion            |       |       |       |     5 ||     5
   Stab: Sleeping          |       |     1 |       |       ||     1
 Armour: Animal skin       |    34 |    18 |       |       ||    52
         Scale mail        |       |    12 |   210 |   100 ||   322
         Crystal plate arm |       |       |       |   162 ||   162
         Skin              |       |       |       |     5 ||     5
  Dodge: Dodged            |    57 |    61 |   323 |   358 ||   799
  Block: Buckler           |       |       |    36 |   100 ||   136

Table legend: (Time is in decaauts)
 A = Elapsed time spent in this place.
 B = Non-inter-level travel time spent in this place.
 C = Inter-level travel time spent in this place.
 D = Time resting spent in this place.
 E = Time spent auto-exploring this place.
 F = Levels seen in this place.
 G = Mean time per level.
                   A        B        C        D        E       F      G
               +--------+--------+--------+--------+--------+-----+--------+
         Total |   9510 |   9125 |    385 |    429 |   6430 |  10 |  951.0 |
       Dungeon |   9125 |   8740 |    385 |    429 |   6275 |   9 | 1013.9 |
        Bailey |    384 |    384 |      0 |      0 |    154 |   1 |  384.0 |
               +--------+--------+--------+--------+--------+-----+--------+

Top non-repeatable levels by time:
     D:9: 1714 daAuts
     D:4: 1330 daAuts
     D:5: 1192 daAuts
     D:7: 1104 daAuts
     D:8: 841 daAuts
     D:3: 803 daAuts
     D:2: 779 daAuts
     D:6: 711 daAuts
     D:1: 648 daAuts
  Bailey: 384 daAuts
